 Dungeon Crawl Stone Soup version 0.16.2-12-gd0ad4c3 (webtiles) character file.

74 musteatbrain the Chopper (level 4, -4/61 HPs)
             Began as a Minotaur Berserker on Sept 28, 2015.
             Was a Believer of Trog.
             Killed from afar by Sigmund (7 damage)
             ... with a magic dart
             ... on level 2 of the Dungeon.
             The game lasted 00:03:03 (1670 turns).

musteatbrain the Chopper (Minotaur Berserker)       Turns: 1670, Time: 00:03:03

Health: -4/61      AC:  7    Str: 27    XL:     4   Next: 10%
Magic:  2/2        EV: 10    Int:  4    God:    Trog [**....]
Gold:   97         SH:  0    Dex: 10    Spells: 0 memorised, 3 levels left

rFire  . . .     SeeInvis .     a - +0 hand axe
rCold  . . .     Clarity  .     m - +0 scale mail
rNeg   . . .     SustAb   .     (no shield)
rPois  .         Gourm    .     (helmet restricted)
rElec  .         Spirit   .     (no cloak)
rCorr  .         Warding  .     k - +0 pair of gloves
rMut   .         Stasis   .     (no boots)
MR     ++...                    (no amulet)
Stlth  ..........               (no ring)
                                (no ring)

@: berserking, regenerating, very quick, very resistant to hostile enchantments,
extremely unstealthy
A: retaliatory headbutt, horns 2
a: Burn Spellbooks, Berserk, Trog's Hand, Renounce Religion


You were on level 2 of the Dungeon.
You worshipped Trog.
Trog was pleased with you.
You were hungry.

You visited 1 branch of the dungeon, and saw 2 of its levels.

You collected 97 gold pieces.

Inventory:

Hand weapons
 a - a +0 hand axe (weapon)
Armour
 k - a +0 pair of gloves (worn)
 m - a +0 scale mail (worn)
Scrolls
 e - 2 scrolls of identify {unknown}
 h - a scroll of teleportation {unknown}
 i - a scroll of noise {unknown}
Potions
 f - a potion of curing {unknown}
 g - a potion of beneficial mutation {unknown}
 l - a potion of brilliance {unknown}
Comestibles
 c - 2 bread rations
 d - a meat ration


   Skills:
 + Level 4.8 Fighting
 * Level 5.1 Axes
 - Level 2.4 Armour
 - Level 2.1 Dodging


You had 3 spell levels left.
You didn't know any spells.

Dungeon Overview and Level Annotations

Branches:
Dungeon (2/15)

Altars:

Annotations:
D:2 Sigmund


Innate Abilities, Weirdness & Mutations

You reflexively headbutt those who attack you in melee.
You have a pair of horns on your head.


Message History

* * * LOW HITPOINT WARNING * * *
Something hits you.
* * * LOW HITPOINT WARNING * * *
Drink which item? (? for menu, Esc to quit)
Okay, then.
Use which ability? (? or * to list)
A red film seems to cover your vision as you go berserk!
You feel yourself moving faster!
You feel mighty!
You feel somewhat more hungry. Something completely misses you.
You feel a strong urge to attack something.
Something hits you.
* * * LOW HITPOINT WARNING * * *
You see here a bat corpse.
You hit something. You slash something! Something hits you.
* * * LOW HITPOINT WARNING * * *
You hit something.
You hear some strange, mumbled words.
The magic dart hits you!
You die...

.....# ####(..# ..#.##
#(..# .##.# #(..#########
....# #...........
....#######...#####.## .#
.##........).........#.#
.......................#
##...............)).[#.#.#
##..#######.....@{.......#
....# ##...#####..#!#.#
##.## #.....# #.# #
#.#######.....# .#
#.##......)...# <.
##.##.####.....# ##
......# #.....# #####.#
##.....##
#####.###.......#


There were no monsters in sight!

Vanquished Creatures
  Robin (D:2)
  An adder (D:2)
  A worm (D:2)
  2 giant geckos (D:2)
  2 oozes
  A giant cockroach (D:2)
  11 goblins
  11 hobgoblins
  4 kobolds
  A ball python (D:1)
  5 bats
  2 giant newts (D:1)
  4 rats
46 creatures vanquished.

Notes
Turn   | Place    | Note
--------------------------------------------------------------
     0 | D:1      | musteatbrain, the Minotaur Berserker, began the quest for the Orb.
     0 | D:1      | Reached XP level 1. HP: 19/19 MP: 1/1
    62 | D:1      | Reached skill level 4 in Fighting
    90 | D:1      | Reached XP level 2. HP: 10/27 MP: 1/1
  1197 | D:2      | Reached XP level 3. HP: 27/34 MP: 2/2
  1319 | D:2      | Noticed Robin
  1323 | D:2      | Acquired Trog's second power
  1333 | D:2      | Killed Robin
  1333 | D:2      | Reached skill level 5 in Axes
  1562 | D:2      | Reached XP level 4. HP: 41/41 MP: 2/2
  1649 | D:2      | Noticed Sigmund
  1669 | D:2      | HP: 3/61 [something (6)]
  1670 | D:2      | Killed from afar by Sigmund

Action                   |  1- 3 |  4- 6 || total
-------------------------+-------+-------++-------
Melee: Hand axe          |    88 |    19 ||   107
Invok: Burn Spellbooks   |     1 |       ||     1
       Berserk           |       |     1 ||     1
       Trog's Hand       |       |     1 ||     1
  Eat: Chunk             |     1 |     1 ||     2
